 Dungeon Crawl Stone Soup version 0.32-a0-612-g1c984fe9d1 (webtiles) character file.

Game seed: 7950654791221396904

208927 zenocrate the Gelid (level 18, 0/123 HPs)
             Began as a Felid Earth Elementalist on Mar 4, 2024.
             Was a High Priest of Jiyva.
             Slain by a +1 mace of venom (20 damage)
             ... on level 2 of the Elven Halls.
             The game lasted 01:03:27 (28435 turns).

zenocrate the Gelid (Felid Earth Elementalist)     Turns: 28435, Time: 01:03:28

Health: 0/123      AC:  8    Str: 11    XL:     18   Next: 14%
Magic:  13/37      EV: 29    Int: 27    God:    Jiyva [*****.]
Gold:   489        SH:  0    Dex: 20    Spells: 3/29 levels left
                                        Lives:  0   Deaths: 6

rFire   + +          +
                       - Unarmed
rCold   + + .        (shield unavailable)
rNeg    . . .        (body armour unavailable)
rPois   .            (helmet unavailable)
rElec   .            (cloak unavailable)
rCorr   +            (gloves unavailable)
SInv    +            (boots unavailable)
Will    ++++.        Q - amulet of Foolhardiness {rC- Will++ Regen+ MP+9 Dex+2}
Stlth   +++++        C - +4 ring of protection
HPRegen 2.64/turn    q - +6 ring of strength
MPRegen 0.97/turn

%: no passive effects
@: about to teleport, beast-form, attractive, very slightly contaminated
A: beast (slay +4), very small, claws 1, fangs 3, see invisible, shaggy fur 3,
stealthy paws, no weapons or thrown items, no armour, multi-lived, antennae 1,
clever 1, cold resistance 2, fire resistance 3, mutation resistance 2, passive
freeze, robust 2, acidic bite, eyeballs 1, gelatinous body 1, jelly sensing
items, jelly absorbing missiles
}: 1/15 runes: decaying
a: Begin Untransformation, Renounce Religion, Oozemancy, Slimify


You were on level 2 of the Elven Halls.
You worshipped Jiyva.
Jiyva was extremely pleased with you.
You were a hulking beast.
You visited 7 branches of the dungeon, and saw 29 of its levels.
You also visited: Sewer and Gauntlet.

You collected 2471 gold pieces.
You spent 1982 gold pieces at shops.

Inventory:

Jewellery
 b - the ring of Peaceyl {rF+ rC- rN+ rCorr Stlth+}
   (You found it on level 5 of the Lair of Beasts)

   [ring of protection from fire]

   rF+:       It protects you from fire.
   rC-:       It makes you vulnerable to cold.
   rN+:       It protects you from negative energy.
   rCorr:     It protects you from acid and corrosion.
   Stlth+:    It makes you more stealthy.
 e - a ring of willpower
 q - a +6 ring of strength (right paw)
 y - a ring of protection from cold
 C - a +4 ring of protection (left paw)
 H - a ring of flight
 O - an amulet of regeneration
 P - a ring of positive energy
 Q - the amulet of Foolhardiness (around neck) {rC- Will++ Regen+ MP+9 Dex+2}
   (You acquired it on level 2 of the Orcish Mines)

   [amulet of regeneration]

   Dex+2:     It affects your dexterity (+2).
   rC-:       It makes you vulnerable to cold.
   Will++:    It greatly increases your willpower.
   MP+9:      It affects your magic capacity (+9).
   Regen+:    It increases your rate of health regeneration.
Talismans
 s - a serpent talisman
 D - a beast talisman (active)
 M - a maw talisman
Wands
 c - a wand of roots (14)
 p - a wand of flame (14)
 u - a wand of mindburst (35)
 v - a wand of polymorph (17)
 B - a wand of paralysis (28)
 E - a wand of digging (10)
Scrolls
 a - a scroll of immolation
 g - 2 scrolls of silence
 h - a scroll of fog
 m - a scroll of teleportation
 n - a scroll of torment
 w - a scroll of revelation
 I - a scroll of identify
 L - 2 scrolls of poison
Potions
 i - a potion of cancellation
 j - 3 potions of attraction
 k - 8 potions of mutation
 l - 4 potions of enlightenment
 o - 6 potions of brilliance
 t - a potion of ambrosia
 x - a potion of invisibility
 z - 6 potions of lignification
 G - 2 potions of haste
 K - 2 potions of magic
Miscellaneous
 J - a box of beasts (inert)
 N - a phial of floods (inert)


   Skills:
 + Level 14.8 Fighting
 - Level 13.3 Dodging
 - Level 12.0 Stealth
 - Level 13.8 Unarmed Combat
 - Level 6.3 Spellcasting
 - Level 6.2 Conjurations
 + Level 16.1 Ice Magic
 - Level 8.8 Earth Magic
 - Level 6.3 Evocations
 - Level 8.1 Shapeshifting


You had 3 spell levels left.
You knew the following spells:

 Your Spells              Type           Power      Damage    Failure   Level
a - Stone Arrow           Conj/Erth      98%        3d13      1%          3
b - Freezing Cloud        Conj/Ice/Air   24%        6-21      9%          5
c - Ozocubu's Armour      Ice            77%        N/A       1%          3
d - Ozocubu's Refrigerat  Ice            38%        4d16      7%          7
f - Brom's Barrelling Bo  Conj/Erth      49%        2d7       2%          4
g - Passage of Golubria   Tloc           8%         N/A       54%         4

Your spell library contained the following spells:

 Spells                   Type           Power      Damage    Failure   Level
 Foxfire                  Conj/Fire      100%       2x1d9     1%          1
 Sandblast                Erth           100%       2d20      1%          1
 Sting                    Conj/Alch      100%       1d9       1%          1
 Ensorcelled Hibernation  Hex/Ice        100%       N/A       1%          2
 Passwall                 Erth           54%        N/A       1%          3
 Static Discharge         Conj/Air       50%        3-6/arc   2%          2
 Necrotise                Necr           32%        1d5       6%          1
 Mephitic Cloud           Conj/Alch/Air  19%        N/A       9%          3
 Lesser Beckoning         Tloc           16%        N/A       10%         2
 Mercury Vapours          Alch/Air       16%        N/A       10%         2
 Call Canine Familiar     Summ           8%         N/A       19%         3
 Fugue of the Fallen      Necr           8%         N/A       19%         3
 Gell's Gravitas          Tloc           8%         N/A       19%         3
 Sigil of Binding         Hex            8%         N/A       19%         3
 Teleport Other           Tloc           8%         N/A       19%         3
 Tukima's Dance           Hex            8%         N/A       19%         3
 Vampiric Draining        Necr           8%         2d6       19%         3
 Metabolic Englaciation   Hex/Ice        25%        N/A       6%          5
 Petrify                  Alch/Erth      32%        N/A       11%         4
 Sculpt Simulacrum        Ice/Alch       25%        N/A       34%         6
 Airstrike                Air            4%         2d(1-17)  54%         4
 Anguish                  Hex/Necr       4%         N/A       54%         4
 Manifold Assault         Tloc           8%         N/A       54%         4
 Martyr's Knell           Necr/Summ      8%         N/A       54%         4
 Olgreb's Toxic Radiance  Alch           8%         N/A       54%         4
 Summon Blazeheart Golem  Fire/Summ      8%         N/A       54%         4
 Summon Lightning Spire   Summ/Air       8%         N/A       54%         4
 Curse of Agony           Necr           8%         N/A       87%         5
 Yara's Violent Unravell  Hex/Alch       4%         3d4       87%         5
 Starburst                Conj/Fire      12%        6d5       95%         6
 Orb of Destruction       Conj           21%        9d8       99%         7
 Plasma Beam              Fire/Air       4%         2x1d14    100%        6
 Spellforged Servitor     Conj/Summ      12%        N/A       100%        7
 Discord                  Hex            4%         N/A       100%        8
 Lehudib's Crystal Spear  Conj/Erth      24%        10d7      100%        8
 Chain Lightning          Conj/Air       12%        3d16      100%        9
 Fire Storm               Conj/Fire      12%        8d3       100%        9
 Shatter                  Erth           27%        3d23*     100%        9
 Animate Armour           Summ/Erth      Unusable   N/A       N/A         4
 Dimensional Bullseye     Hex/Tloc       Unusable   N/A       N/A         4

Dungeon Overview and Level Annotations

Branches:
Dungeon (12/15)            Temple (1/1) D:4            Lair (5/5) D:9
  Swamp (4/4) Lair:3        Snake (3/4) Lair:2        Slime (0/5) Lair:5
    Orc (2/2) D:12            Elf (2/3) Orc:2         Sewer (visited)
Gauntlet (visited)

Altars:
Ashenzari
Cheibriados
Dithmenos
Elyvilon
Fedhas
Gozag
Hepliaklqana
Kikubaaqudgha
Makhleb
Nemelex Xobeh
Okawaru
Qazlal
Ru
Sif Muna
Trog
Uskayaw
Vehumet
Wu Jian
Xom
Yredelemnul
Zin
The Shining One
Beogh

Shops:
D:5 *   D:6 !   D:7 ?   Orc:1 !   Orc:2 !=*(   Snake:1 (

Portals:
Trove: D:11 (give 5 potions of resistance)

Annotations:
D:6 3 runed translucent doors, bearlyready's ghost, novice CoMo
Elf:2 1 runed translucent door


Innate Abilities, Weirdness & Mutations

You are a hulking beast.
Your limbs bulge with bestial killing power. (Slay +4)
You have sharp claws.
You have razor-sharp teeth.
You have supernaturally acute eyesight. (SInv)
Your thick and shaggy fur keeps you warm. (AC +3, rC+)
Your paws help you pounce on unaware monsters.
You are incapable of wielding weapons or throwing items.
You cannot wear armour.
You gain extra lives every three experience levels.
You have a pair of small antennae on your head.
Your mind is acute. (Int +4, Str/Dex -1)
Your flesh is very cold resistant. (rC++)
Your flesh is almost immune to the effects of heat. (rF+++)
You are somewhat resistant to both further mutation and mutation removal.
A frigid envelope surrounds you and freezes all who hurt you.
You are very robust. (+20% HP)
You have acidic saliva.
Your body has grown eyes which may confuse attackers. (Acc +3)
Your rubbery body absorbs attacks. (AC +1, EV +1)
You have a small jelly attached to you that senses nearby items.
You have a small jelly attached to you that may absorb projectiles.


Message History

The +2 glaive of venom is unaffected.
The deep elf pyromancer looks frightened!
The +1 mace of protection misses you.
The fire elemental completely misses you.
The fire elemental barely misses you.
The deep elf knight points at you and mumbles some strange words.
The shard of ice misses you.
The shard of ice hits the +1 mace of protection!
The +1 mace of protection partially resists.
The deep elf knight mumbles some strange words.
The deep elf knight flickers and vanishes for a moment.
The deep elf zephyrmancer mumbles some strange words.
The deep elf zephyrmancer blinks!
The +1 mace of protection hits you.
* * * LOW HITPOINT WARNING * * *
The +1 mace of protection resists.
The +1 mace of protection is very cold.
The +1 mace of protection is severely damaged.
The deep elf pyromancer gestures wildly while chanting.
The deep elf pyromancer blinks!
The deep elf knight is attracted toward you.
The deep elf pyromancer is attracted toward you.
The +2 glaive of venom is attracted toward you.
The deep elf knight is attracted toward you.
The deep elf zephyrmancer is attracted toward you.
Okay, then.
You miss the deep elf knight.
Your surroundings suddenly seem different.
A +1 mace of venom comes into view.
The +1 mace of venom is attracted toward you.
Unknown command.
As you read the scroll of teleportation, it crumbles to dust.
You feel strangely unstable.
The +1 mace of venom is attracted toward you.
The fire elemental is attracted toward you.
The +1 mace of protection is attracted toward you.
Unknown command.
You claw the +1 mace of venom!
The +1 mace of venom is heavily damaged.
The +1 mace of venom hits you!!
You die...
Jiyva sends a jelly to digest your remains.

.# ###...###
#......###........## .#
#...# #......#
#........## ## #...#
#...)..###........## .#
#...#
#.................# ##
#...#
#........#........#
#'''#
###################
#.).##### ##
#...''#''...####.##
#.....###))...##h(.#
.......)...)))).E..§....
...............(.#......
................###...§.
..............§## #....
..............(☼## ....
............○°§#.§....
...........§..e§......
..........§e.......


You could see a fire elemental (summoned) and 2 dancing weapons.

Vanquished Creatures
  Bai Suzhen (Swamp:4)
  Rupert (D:12)
  Agnes (Snake:3)
  A fenstrider witch (Swamp:2)
  Louise (Snake:3)
  2 orc warlords (Orc:2)
  Nessos (Orc:2)
  A deep elf annihilator (Elf:1)
  A minotaur (Gauntlet)
  3 bunyips
  An eleionoma (Swamp:3)
  Snorg (Lair:5)
  2 ettins (Orc:2)
  A green death (Gauntlet)
  2 shambling mangroves
  A deep elf high priest (Elf:1)
  21 hydras
  Erolcha (Orc:1)
  A salamander tyrant (Snake:3)
  3 catoblepae (Lair:5)
  12 alligators
  4 ghost crabs
  A spriggan air mage (Swamp:4)
  8 anacondas
  3 boulder beetles
  15 dancing weapons
  4 two-headed ogres
  10 death yaks
  8 naga warriors
  5 orc high priests (Orc:2)
  A spriggan berserker (Swamp:4)
  6 naga sharpshooters
  2 shock serpents
  A salamander mystic (Snake:3)
  8 deep elf knights
  Amaemon (Lair:2)
  3 skysharks
  3 goliath frogs
  8 swamp dragons
  6 spriggan druids
  7 deep elf archers
  7 mana vipers
  A death drake (Swamp:1)
  6 naga ritualists
  17 deep elf pyromancers
  4 orc knights (Orc:2)
  2 bog bodies
  2 thermic dynamos (Elf:2)
  13 deep elf zephyrmancers
  3 cyclopes (D:12)
  2 manticores (Lair:5)
  7 salamanders
  3 orc sorcerers (Orc:2)
  3 will-o-the-wisps
  An oklob plant (Lair:3)
  3 kobold blastminers
  An ice statue (Gauntlet)
  37 black mambas
  A gargoyle (D:12)
  A guardian serpent (Snake:1)
  An orange demon (Lair:2)
  10 naga magi
  15 cane toads
  2 cane toads (shapeshifter) (Elf:2)
  Jeremiah (D:7)
  5 rime drakes
  A torpor snail (Lair:3)
  3 komodo dragons
  An unseen horror (D:11)
  7 trolls
  3 polar bears
  6 tyrant leeches
  19 hornets
  A raiju (Gauntlet)
  3 blink frogs (Lair:5)
  3 dream sheep (Lair:4)
  4 air elementals (Elf:1)
  13 spriggans
  3 water elementals
  4 wyverns
  A basilisk (Lair:5)
  6 wraiths
  51 yaks
  A hog (shapeshifter) (Elf:1)
  A shadow (D:9)
  2 wargs (Orc:2)
  A steam dragon (Gauntlet)
  A fire elemental (Elf:2)
  A human (shapeshifter) (Elf:2)
  19 vampire mosquitoes
  26 nagas
  15 swamp worms
  An acid dragon (D:11)
  15 water moccasins
  An ice beast (D:5)
  7 swamp drakes
  45 orc warriors
  2 black bears
  A sky beast (D:8)
  16 ogres
  21 wolves
  3 centaurs
  2 phantoms
  13 bullfrogs
  3 kobold brigands
  An earth elemental (Elf:2)
  A scorpion (D:4)
  5 wights (D:9)
  10 killer bees (D:9)
  2 electric eels
  4 howler monkeys
  4 bombardier beetles
  33 orc priests
  3 hounds
  5 jellies
  2 iguanas
  24 orc wizards
  11 gnolls
  A river rat (Sewer)
  9 adders
  2 white imps (D:7)
  2 ufetubi (D:5)
  4 dart slugs
  A ribbon worm (D:4)
  79 orcs
  11 endoplasms
  12 giant cockroaches
  6 goblins
  8 hobgoblins
  2 jackals (D:2)
  17 kobolds
  3 quokkas
  10 ball pythons
  4 bats
  5 frilled lizards
  11 rats
  A spectral weapon (Swamp:4)
930 creatures vanquished.

Vanquished Creatures (collateral kills)
  Jorgrun (Snake:1)
  Frances (D:12)
  An eleionoma (Swamp:1)
  Josephine (Lair:5)
  A shambling mangrove (Swamp:3)
  A hydra (Lair:2)
  A two-headed ogre (D:10)
  4 death yaks
  A skyshark (Lair:5)
  Lodul (D:10)
  A spriggan druid (Swamp:1)
  A lindwurm (Lair:3)
  2 deep elf pyromancers (Elf:1)
  A deep elf zephyrmancer (Elf:1)
  A cyclops (D:12)
  A salamander (Snake:2)
  A kobold blastminer (Orc:2)
  2 orange demons (Gauntlet)
  A cane toad (Lair:1)
  2 komodo dragons
  A rime drake (Lair:1)
  3 dream sheep (Lair:4)
  A wraith (Lair:5)
  4 yaks
  A warg (D:9)
  A naga (Snake:2)
  A water moccasin (Lair:1)
  2 wolves
  An ogre (D:10)
  2 centaurs
  An orc priest (D:9)
  2 orcs (D:9)
46 creatures vanquished.

Vanquished Creatures (others)
  Mlioglotl (Swamp:2)
  A deep elf knight (Elf:1)
  2 deep elf zephyrmancers
  2 bloated husks
  A water moccasin (Lair:2)
  2 orc warriors (Orc:2)
  A black bear (D:6)
  A scorpion (D:5)
  A howler monkey (D:7)
  A hound (D:5)
  4 orc priests (Orc:2)
  118 jellies
  A ribbon worm (D:5)
  22 orcs
  A quokka (D:3)
  A rat (D:3)
  12 foxfires (Swamp:2)
172 creatures vanquished.

Grand Total: 1148 creatures vanquished

Notes
Turn   | Place    | Note
-------+----------+-------------------------------------------
     0 | D:1      | zenocrate the Felid Earth Elementalist began the quest for
                  | the Orb.
     0 | D:1      | Reached XP level 1. HP: 9/9 MP: 4/4
    41 | D:1      | Reached skill level 1 in Conjurations
   233 | D:1      | Reached skill level 1 in Unarmed Combat
   253 | D:1      | Reached XP level 2. HP: 6/13 MP: 3/6
   446 | D:1      | Found a faded altar of an unknown god.
  1077 | D:2      | Reached XP level 3. HP: 14/16 MP: 5/7
  1102 | D:2      | Learned a level 3 spell: Stone Arrow
  1485 | D:2      | Found a glowing golden altar of the Shining One.
  1745 | D:3      | Noticed a water moccasin
  1750 | D:3      | Killed a water moccasin
  1751 | D:3      | Reached XP level 4. HP: 21/21 MP: 0/8
  1751 | D:3      | Gained a life (2 lives remaining)
  1751 | D:3      | Reached XP level 5. HP: 24/24 MP: 0/9
  1999 | D:3      | Found a glowing drain.
  2020 | Sewer    | Entered a sewer
  2131 | Sewer    | Learned a level 3 spell: Ozocubu's Armour
  2180 | Sewer    | Reached skill level 1 in Fighting
  2319 | Sewer    | Gained mutation: You are covered in thick fur. (AC +2)
                  | [Felid growth]
  2319 | Sewer    | Reached XP level 6. HP: 19/30 MP: 2/10
  2432 | Sewer    | Found a viscous altar of Jiyva.
  2531 | Sewer    | Became a worshipper of Jiyva Jora the Shapeless
  2582 | D:3      | Reached skill level 5 in Earth Magic
  3348 | D:4      | Reached * piety under Jiyva
  3348 | D:4      | Found a stormy altar of Qazlal.
  3355 | D:4      | Found a glowing silver altar of Zin.
  3364 | D:4      | Reached XP level 7. HP: 36/36 MP: 4/11
  3458 | D:4      | Found a blossoming altar of Fedhas.
  3634 | D:4      | Found a staircase to the Ecumenical Temple.
  3713 | D:4      | Reached ** piety under Jiyva
  3971 | D:4      | Learned a level 4 spell: Brom's Barrelling Boulder
  3972 | D:5      | Entered Level 5 of the Dungeon
  4022 | D:5      | Found a shimmering blue altar of Sif Muna.
  4187 | D:5      | Reached XP level 8. HP: 42/42 MP: 2/13
  4564 | D:5      | Found a snail-covered altar of Cheibriados.
  4589 | D:5      | Found an ornate altar of the Wu Jian Council.
  4640 | D:5      | Reached *** piety under Jiyva
  4684 | D:5      | Found Yrateerorgh's Assorted Antiques.
  4689 | D:5      | Bought a jewelled brass wand for 88 gold pieces
  4689 | D:5      | Bought a glowing coppery potion for 19 gold pieces
  4689 | D:5      | Bought a scroll labelled RASAON YBAILL for 22 gold pieces
  4689 | D:5      | Bought an orange potion for 19 gold pieces
  4689 | D:5      | Bought a jewelled bone wand for 88 gold pieces
  4877 | D:6      | Gained mutation: Your system is resistant to poisons.
                  | (rPois) [Jiyva's grace]
  4877 | D:6      | Gained mutation: You are resistant to electric shocks.
                  | (rElec) [Jiyva's grace]
  4877 | D:6      | Gained mutation: You have a pair of small antennae on your
                  | head. [Jiyva's grace]
  4877 | D:6      | Gained mutation: You have a pair of antennae on your head.
                  | [Jiyva's grace]
  5185 | D:6      | Found Xenef's Distillery.
  5289 | D:6      | Reached **** piety under Jiyva
  5311 | D:6      | Found a burning altar of Makhleb.
  5386 | D:6      | Reached skill level 5 in Dodging
  5394 | D:6      | Found a runed translucent gate.
  5395 | D:6      | Found a runed translucent gate.
  5395 | D:6      | Noticed bearlyready's ghost (novice CoMo)
  5396 | D:6      | Found a runed translucent gate.
  5396 | D:6      | Noticed a kobold demonologist
  5669 | D:7      | Found Kieler's Magic Scroll Shoppe.
  5720 | D:7      | Noticed Jeremiah
  5727 | D:7      | Killed Jeremiah
  5728 | D:7      | Reached XP level 9. HP: 46/46 MP: 4/14
  5969 | D:7      | Found a radiant altar of Vehumet.
  6092 | D:7      | Reached skill level 5 in Conjurations
  6228 | D:7      | Identified the +4 falchion "Abaixeeq" {protect, rElec
                  | Str+2}
  6764 | D:8      | Reached skill level 5 in Fighting
  6785 | D:8      | Reached ***** piety under Jiyva
  6875 | D:8      | Lost mutation: Your system is resistant to poisons. (rPois)
                  | [Jiyva's grace]
  6875 | D:8      | Lost mutation: You are resistant to electric shocks.
                  | (rElec) [Jiyva's grace]
  6875 | D:8      | Gained mutation: Armour fits poorly on your pseudopods.
                  | [Jiyva's grace]
  6875 | D:8      | Gained mutation: Armour fits poorly on your large
                  | pseudopods. [Jiyva's grace]
  6875 | D:8      | Gained mutation: Armour fits poorly on your massive
                  | pseudopods. [Jiyva's grace]
  6875 | D:8      | Gained mutation: You possess an exceptional clarity of
                  | mind. [Jiyva's grace]
  7105 | D:8      | Found an iron altar of Okawaru.
  7115 | D:8      | Found a bloodstained altar of Trog.
  7253 | Temple   | Entered the Ecumenical Temple
  7469 | D:9      | Reached XP level 10. HP: 23/53 MP: 6/15
  7547 | D:9      | Reached skill level 1 in Ice Magic
  7644 | D:9      | Reached skill level 2 in Ice Magic
  7739 | D:9      | Reached skill level 3 in Ice Magic
  7747 | D:9      | Reached skill level 5 in Unarmed Combat
  7781 | D:9      | Found a staircase to the Lair.
  7940 | D:9      | Reached skill level 4 in Ice Magic
  8170 | Lair:1   | Entered Level 1 of the Lair of Beasts
  8245 | Lair:1   | Noticed a cane toad
  8253 | Lair:1   | Killed a cane toad
  8254 | Lair:1   | Reached skill level 5 in Ice Magic
  8296 | Lair:1   | Reached XP level 11. HP: 14/56 MP: 9/16
  8439 | Lair:1   | Lost mutation: You have a pair of antennae on your head.
                  | [Jiyva's grace]
  8439 | Lair:1   | Lost mutation: You possess an exceptional clarity of mind.
                  | [Jiyva's grace]
  8439 | Lair:1   | Gained mutation: Your melee attacks may engulf your foes in
                  | ooze. [Jiyva's grace]
  8439 | Lair:1   | Gained mutation: You have a small jelly attached to you
                  | that senses nearby items. [Jiyva's grace]
  8439 | Lair:1   | Gained mutation: You are partially covered in large bone
                  | plates. (SH +4) [Jiyva's grace]
  8439 | Lair:1   | Gained mutation: You are mostly covered in large bone
                  | plates. (SH +6) [Jiyva's grace]
  8451 | Lair:1   | Reached skill level 6 in Ice Magic
  8557 | Lair:1   | Reached skill level 1 in Shapeshifting
  9146 | Lair:2   | Noticed a five-headed hydra
  9154 | Lair:2   | Killed a five-headed hydra
  9221 | Lair:2   | Noticed Amaemon
  9232 | Lair:2   | Reached skill level 7 in Ice Magic
  9281 | Lair:2   | Killed Amaemon
  9282 | Lair:2   | Reached skill level 5 in Spellcasting
  9339 | Lair:2   | Learned a level 7 spell: Ozocubu's Refrigeration
  9429 | Lair:2   | Noticed a death yak
  9429 | Lair:2   | Noticed a death yak
  9430 | Lair:2   | Noticed a death yak
  9430 | Lair:2   | Noticed a death yak
  9431 | Lair:2   | Noticed a death yak
  9447 | Lair:2   | Killed a death yak
  9461 | Lair:2   | Killed a death yak
  9462 | Lair:2   | Reached skill level 1 in Evocations
  9465 | Lair:2   | Killed a death yak
  9474 | Lair:2   | Noticed a death yak
  9495 | Lair:2   | Killed a death yak
  9496 | Lair:2   | Killed a death yak
  9497 | Lair:2   | Gained mutation: Your thick and shaggy fur keeps you warm.
                  | (AC +3, rC+) [Felid growth]
  9497 | Lair:2   | Reached XP level 12. HP: 62/62 MP: 16/21
  9516 | Lair:2   | Killed a death yak
  9761 | Lair:2   | HP: 2/62 [black mamba (15)]
  9762 | Lair:2   | Succumbed to a black mamba's poison
  9762 | Lair:2   | Lost a life (1 life remaining)
  9763 | Lair:2   | Noticed a boulder beetle
  9787 | Lair:2   | Killed a boulder beetle
  9818 | Lair:2   | Reached skill level 8 in Ice Magic
  9938 | Lair:2   | Found a staircase to the Snake Pit.
 10142 | Lair:2   | Lost mutation: You are mostly covered in large bone plates.
                  | (SH +6) [Jiyva's grace]
 10142 | Lair:2   | Gained mutation: Your muscles are strong. (Str +4, Int/Dex
                  | -1) [Jiyva's grace]
 10142 | Lair:2   | Gained mutation: Your muscles are very strong. (Str +8,
                  | Int/Dex -2) [Jiyva's grace]
 10142 | Lair:2   | Gained mutation: You are partially covered in iridescent
                  | scales. (AC +2) [Jiyva's grace]
 10142 | Lair:2   | Gained mutation: You are mostly covered in iridescent
                  | scales. (AC +4) [Jiyva's grace]
 10601 | Lair:3   | Noticed an eight-headed hydra
 10612 | Lair:3   | Killed an eight-headed hydra
 10833 | Lair:3   | Found a staircase to the Swamp.
 10989 | Lair:3   | Found a glowing silver altar of Zin.
 11028 | Lair:3   | Reached skill level 5 in Evocations
 11072 | Lair:3   | Reached XP level 13. HP: 65/67 MP: 23/23
 11072 | Lair:3   | Gained a life (2 lives remaining)
 11073 | Lair:3   | Reached skill level 9 in Ice Magic
 12156 | Lair:4   | Found a dark tunnel.
 12396 | Lair:4   | Learned a level 5 spell: Freezing Cloud
 12412 | Lair:5   | Entered Level 5 of the Lair of Beasts
 12423 | Lair:5   | Lost mutation: Your muscles are very strong. (Str +8,
                  | Int/Dex -2) [Jiyva's grace]
 12423 | Lair:5   | Lost mutation: Armour fits poorly on your massive
                  | pseudopods. [Jiyva's grace]
 12423 | Lair:5   | Gained mutation: Your flesh is cold resistant. (rC+)
                  | [Jiyva's grace]
 12423 | Lair:5   | Gained mutation: Your flesh is very cold resistant. (rC++)
                  | [Jiyva's grace]
 12423 | Lair:5   | Gained mutation: Your flesh is almost immune to the effects
                  | of cold. (rC+++) [Jiyva's grace]
 12423 | Lair:5   | Gained mutation: Armour fits poorly on your massive
                  | pseudopods. [Jiyva's grace]
 12543 | Lair:5   | Found a staircase to the Slime Pits.
 12564 | Lair:5   | Noticed Snorg
 12574 | Lair:5   | Killed Snorg
 12575 | Lair:5   | Reached skill level 10 in Ice Magic
 12711 | Lair:5   | Reached skill level 10 in Unarmed Combat
 12903 | Lair:5   | Noticed Josephine
 12929 | Lair:5   | Killed Josephine
 13033 | Lair:5   | Reached skill level 11 in Ice Magic
 13156 | Lair:5   | Reached XP level 14. HP: 57/72 MP: 24/24
 13328 | Lair:5   | Identified the ring of Peaceyl {rF+ rC- rN+ rCorr Stlth+}
 13823 | D:10     | Entered Level 10 of the Dungeon
 13992 | D:10     | Noticed Lodul
 13997 | D:10     | Killed Lodul
 14123 | D:10     | Found a white marble altar of Elyvilon.
 14504 | D:11     | Found a portal to a secret trove of treasure.
 14583 | D:11     | Reached skill level 12 in Ice Magic
 14605 | D:11     | Lost mutation: You are mostly covered in iridescent scales.
                  | (AC +4) [Jiyva's grace]
 14605 | D:11     | Lost mutation: Your flesh is almost immune to the effects
                  | of cold. (rC+++) [Jiyva's grace]
 14605 | D:11     | Gained mutation: You are robust. (+10% HP) [Jiyva's grace]
 14605 | D:11     | Gained mutation: You are very robust. (+20% HP) [Jiyva's
                  | grace]
 14605 | D:11     | Gained mutation: You are extremely robust. (+30% HP)
                  | [Jiyva's grace]
 14605 | D:11     | Gained mutation: You have a pair of antennae on your head.
                  | [Jiyva's grace]
 14627 | D:11     | Found a gate leading to a gauntlet.
 14639 | Gauntlet | Entered a Gauntlet
 14639 | Gauntlet | Found a transporter.
 14639 | Gauntlet | Found a transporter.
 14657 | Gauntlet | Found a transporter.
 14674 | Gauntlet | Found a transporter.
 14688 | Gauntlet | Found a transporter.
 14701 | Gauntlet | Found a transporter.
 14717 | Gauntlet | Found a transporter.
 14788 | Gauntlet | Found a transporter.
 14799 | Gauntlet | Found a transporter.
 14813 | Gauntlet | Found a transporter.
 14826 | Gauntlet | Found a transporter.
 14842 | Gauntlet | Found a transporter.
 14909 | Gauntlet | Found a transporter.
 14919 | Gauntlet | Found a transporter.
 14927 | Gauntlet | Found a transporter.
 14965 | Gauntlet | Found a transporter.
 15238 | Gauntlet | Identified the +8 long sword "Waxt" {antimagic, rF+ rCorr
                  | Dex-2 Stlth+}
 15564 | D:12     | Noticed Rupert
 15566 | D:12     | Noticed Frances
 15632 | D:12     | Slain by Rupert
 15632 | D:12     | Lost a life (1 life remaining)
 15663 | D:12     | Killed Rupert
 15750 | D:12     | HP: 4/97 [Frances/iron shot (65)]
 15752 | D:12     | Killed Frances
 16074 | D:12     | Found a staircase to the Orcish Mines.
 16278 | Orc:1    | Entered Level 1 of the Orcish Mines
 16354 | Orc:1    | Found Jaoraodaxt's Distillery.
 16421 | Orc:1    | Bought a potion of heal wounds for 70 gold pieces
 16421 | Orc:1    | Bought a potion of might for 56 gold pieces
 16421 | Orc:1    | Bought 2 potions of brilliance for 112 gold pieces
 16422 | Orc:1    | Noticed Erolcha
 16426 | Orc:1    | Killed Erolcha
 16427 | Orc:1    | Reached skill level 10 in Fighting
 16429 | Orc:1    | Lost mutation: You are partially covered in iridescent
                  | scales. (AC +2) [Jiyva's grace]
 16429 | Orc:1    | Lost mutation: Your muscles are strong. (Str +4, Int/Dex
                  | -1) [Jiyva's grace]
 16429 | Orc:1    | Gained mutation: Your body has grown eyes which may confuse
                  | attackers. (Acc +3) [Jiyva's grace]
 16429 | Orc:1    | Gained mutation: Your body has grown many eyes which may
                  | confuse attackers. (Acc +5) [Jiyva's grace]
 16429 | Orc:1    | Gained mutation: Your body is covered in eyes which may
                  | confuse attackers. (Acc +7, SInv) [Jiyva's grace]
 16429 | Orc:1    | Gained mutation: You have very sharp fingernails. [Jiyva's
                  | grace]
 16633 | Orc:2    | Entered Level 2 of the Orcish Mines
 16645 | Orc:2    | Reached skill level 13 in Ice Magic
 16805 | Orc:2    | Reached ****** piety under Jiyva
 17020 | Orc:2    | Noticed an orc warlord
 17029 | Orc:2    | Killed an orc warlord
 17082 | Orc:2    | Found a staircase to the Elven Halls.
 17223 | Orc:2    | Noticed Nessos
 17232 | Orc:2    | Noticed an orc warlord
 17243 | Orc:2    | Killed Nessos
 17261 | Orc:2    | Killed an orc warlord
 17292 | Orc:2    | Found a roughly hewn altar of Beogh.
 17314 | Orc:2    | Found Pouwk's Assorted Antiques.
 17329 | Orc:2    | Reached XP level 15. HP: 98/106 MP: 25/25
 17329 | Orc:2    | Gained a life (2 lives remaining)
 17347 | Orc:2    | Bought a wand of mindburst (5) for 252 gold pieces
 17347 | Orc:2    | Bought a potion of berserk rage for 180 gold pieces
 17347 | Orc:2    | Bought a potion of heal wounds for 180 gold pieces
 17347 | Orc:2    | Bought a murky black potion for 32 gold pieces
 17347 | Orc:2    | Bought 2 scrolls of teleportation for 216 gold pieces
 17347 | Orc:2    | Bought a scroll labelled NUOTAI ZOOLIG for 36 gold pieces
 17527 | Orc:2    | Found Aguna's Antique Weapon Shop.
 17716 | Orc:2    | Found a roughly hewn altar of Beogh.
 17733 | Orc:2    | Found Xumal's Jewellery Emporium.
 17897 | Orc:2    | Found Vegarch's Distillery.
 17923 | Orc:2    | Bought a potion of magic for 136 gold pieces
 17923 | Orc:2    | Bought a potion of heal wounds for 85 gold pieces
 17923 | Orc:2    | Bought a potion of curing for 51 gold pieces
 17923 | Orc:2    | Bought a potion of heal wounds for 85 gold pieces
 17923 | Orc:2    | Bought a potion of enlightenment for 85 gold pieces
 17923 | Orc:2    | Bought a potion of haste for 170 gold pieces
 18038 | Orc:2    | Reached skill level 14 in Ice Magic
 18277 | Orc:2    | Identified 3 scrolls of acquirement
 18277 | Orc:2    | Acquired the amulet of Foolhardiness {rC- Will++ Regen+
                  | MP+9 Dex+2}
 18279 | Orc:2    | Acquired a book of Storms
 18281 | Orc:2    | Acquired a book of Annihilations
 18385 | Elf:1    | Entered Level 1 of the Elven Halls
 18435 | Elf:1    | Found a radiant altar of Vehumet.
 18631 | Elf:1    | Reached skill level 5 in Stealth
 18642 | Elf:1    | Reached skill level 5 in Shapeshifting
 18879 | Elf:1    | Paralysed by an air elemental for 1 turns
 18941 | Elf:1    | Killed from afar by a deep elf zephyrmancer
 18941 | Elf:1    | Lost a life (1 life remaining)
 19184 | Elf:1    | Lost mutation: You have very sharp fingernails. [Jiyva's
                  | grace]
 19184 | Elf:1    | Lost mutation: Your body is covered in eyes which may
                  | confuse attackers. (Acc +7, SInv) [Jiyva's grace]
 19184 | Elf:1    | Lost mutation: Your body has grown many eyes which may
                  | confuse attackers. (Acc +5) [Jiyva's grace]
 19184 | Elf:1    | Lost mutation: Armour fits poorly on your massive
                  | pseudopods. [Jiyva's grace]
 19184 | Elf:1    | Lost mutation: Armour fits poorly on your large pseudopods.
                  | [Jiyva's grace]
 19184 | Elf:1    | Gained mutation: Your rubbery body absorbs attacks. (AC +1,
                  | EV +1) [Jiyva's grace]
 19184 | Elf:1    | Gained mutation: Your pliable body absorbs attacks. (AC +2,
                  | EV +2) [Jiyva's grace]
 19184 | Elf:1    | Gained mutation: Your gelatinous body deflects attacks. (AC
                  | +3, EV +3) [Jiyva's grace]
 19184 | Elf:1    | Gained mutation: Your mind is acute. (Int +4, Str/Dex -1)
                  | [Jiyva's grace]
 19388 | Elf:1    | Paralysed by an air elemental for 1 turns
 19393 | Elf:1    | Paralysed by an air elemental for 1 turns
 19395 | Elf:1    | Paralysed by an air elemental for 1 turns
 19948 | Swamp:1  | Entered Level 1 of the Swamp
 20162 | Swamp:1  | Reached skill level 10 in Dodging
 21328 | Elf:2    | Found a runed translucent door.
 21379 | Elf:2    | Reached XP level 16. HP: 78/117 MP: 26/26
 21379 | Elf:2    | Gained a life (2 lives remaining)
 21479 | Elf:1    | Learned a level 4 spell: Passage of Golubria
 21932 | Swamp:2  | You fall into a shaft and drop 1 floor!
 22062 | Swamp:3  | Identified the orb of Lucidity {guile, Dex-2 Stlth+ Summ}
 22198 | Swamp:2  | Noticed Mlioglotl
 22205 | Swamp:2  | Noticed a tentacled starspawn
 22213 | Swamp:2  | Killed from afar by a will-o-the-wisp
 22213 | Swamp:2  | Lost a life (1 life remaining)
 22241 | Swamp:2  | Killed Mlioglotl
 22564 | Swamp:2  | Lost mutation: You are extremely robust. (+30% HP) [Jiyva's
                  | grace]
 22564 | Swamp:2  | Lost mutation: Your gelatinous body deflects attacks. (AC
                  | +3, EV +3) [Jiyva's grace]
 22564 | Swamp:2  | Gained mutation: You have a small jelly attached to you
                  | that may absorb projectiles. [Jiyva's grace]
 22564 | Swamp:2  | Gained mutation: Your flesh is heat resistant. (rF+)
                  | [Jiyva's grace]
 22564 | Swamp:2  | Gained mutation: Your flesh is very heat resistant. (rF++)
                  | [Jiyva's grace]
 22564 | Swamp:2  | Gained mutation: Your flesh is almost immune to the effects
                  | of heat. (rF+++) [Jiyva's grace]
 23263 | Snake:1  | Entered Level 1 of the Snake Pit
 23284 | Snake:1  | Noticed Jorgrun
 23296 | Snake:1  | Killed Jorgrun
 23698 | Snake:1  | HP: 3/109 [constriction[a naga ritualist] (6)]
 23994 | Snake:1  | Found Nemaf's Antique Weapon Shoppe.
 24241 | Snake:2  | HP: 4/109 [constriction (4)]
 24241 | Snake:2  | Constricted to death by an anaconda
 24241 | Snake:2  | Lost a life (0 lives remaining)
 24255 | Snake:2  | Reached skill level 10 in Stealth
 24255 | Snake:2  | Reached skill level 15 in Ice Magic
 24448 | Snake:2  | Reached XP level 17. HP: 87/114 MP: 9/27
 24448 | Snake:2  | Gained a life (1 life remaining)
 24491 | Snake:2  | Was placed under penance by Jiyva
 25055 | Snake:2  | Found a broken altar of Ashenzari.
 25203 | Snake:3  | Was forgiven by Jiyva
 25209 | Snake:3  | Noticed Agnes
 25215 | Snake:3  | Killed Agnes
 25320 | Snake:3  | Lost mutation: You have a pair of antennae on your head.
                  | [Jiyva's grace]
 25320 | Snake:3  | Lost mutation: You are partially covered in large bone
                  | plates. (SH +4) [Jiyva's grace]
 25320 | Snake:3  | Lost mutation: Your pliable body absorbs attacks. (AC +2,
                  | EV +2) [Jiyva's grace]
 25320 | Snake:3  | Lost mutation: Armour fits poorly on your pseudopods.
                  | [Jiyva's grace]
 25320 | Snake:3  | Lost mutation: Your melee attacks may engulf your foes in
                  | ooze. [Jiyva's grace]
 25320 | Snake:3  | Gained mutation: You have acidic saliva. [Jiyva's grace]
 25320 | Snake:3  | Gained mutation: A frigid envelope surrounds you and
                  | freezes all who hurt you. [Jiyva's grace]
 25320 | Snake:3  | Gained mutation: You are somewhat resistant to further
                  | mutation. [Jiyva's grace]
 25320 | Snake:3  | Gained mutation: You are somewhat resistant to both further
                  | mutation and mutation removal. [Jiyva's grace]
 25325 | Snake:3  | Noticed Louise
 25337 | Snake:3  | Killed Louise
 26569 | Swamp:4  | Entered Level 4 of the Swamp
 26964 | Swamp:4  | Noticed Bai Suzhen
 26986 | Swamp:4  | HP: 5/116 [Bai Suzhen] (16)]
 26987 | Swamp:4  | Engulfed by Bai Suzhen's thunder
 26987 | Swamp:4  | Lost a life (0 lives remaining)
 27004 | Swamp:4  | Was placed under penance by Jiyva
 27219 | Swamp:4  | Was forgiven by Jiyva
 27393 | Swamp:4  | Killed Bai Suzhen
 27440 | Swamp:4  | Got a decaying rune of Zot
 28033 | Elf:2    | Found a runed translucent gate.
 28034 | Elf:2    | Found a runed translucent gate.
 28034 | Elf:2    | Found a runed translucent gate.
 28167 | Elf:2    | Reached XP level 18. HP: 122/122 MP: 24/28
 28262 | Elf:2    | Reached skill level 16 in Ice Magic
 28435 | Elf:2    | Slain by a +1 mace of venom

Illustrated notes

Levels and vault maps discovered:
D:1:      psy_arrival_fountain, layout_loops_corners,
          hellmonk_ecumenical_altar_arch_garden
D:2:      layout_loops_cross, basic_altar, feat_on_display
D:3:      layout_loops_ring, gup_sewer_entry_glass, chequers_hall_statues_wall_a
D:4:      layout_rooms, mainiacjoe_overflow_surrounded_room,
          nicolae_qazlal_general_emergency, mainiacjoe_overflow_small_starburst,
          minmay_temple_entry_crystal_x
D:5:      layout_loops_ring, slow_altar_1, marbit_many_paths,
          mainiacjoe_overflow_paths, serial_shops, nicolae_square_shop
D:6:      layout_basic, bloody_makhleb, gammafunk_ghost_nasty_kobolds,
          serial_shops, shop, roderic_serpentine_path
D:7:      layout_loops_ring, kennysheep_mini_moat, serial_shops,
          nicolae_shop_gibbet_a_chance, uniq_jeremiah
D:8:      layout_loops_corners, jmf_multi_god_temple2, nicolae_underground_beach
D:9:      layout_roguey, erik_lair_orcish_takeover
D:10:     layout_basic, elyvilon_altar_3, minivault_25_ag, uniq_lodul
D:11:     layout_basic, enter_trove_3, gauntlet_entry_generic
D:12:     layout_small_grid, orc_0_dummy, uniq_frances, uniq_rupert
Temple:   chequers_temple_sunken
Lair:1:   layout_regular_city, grunt_megastairs_2, infiniplex_staircase_pool
Lair:2:   layout_regular_city, minmay_snake_entry_six_corridors,
          nzn_sisyphean_effort, grunt_megastairs_1, uniq_amaemon
Lair:3:   layout_cave_pods, swamp_mist_pool, lemuel_oklob_altar,
          lemuel_fruit_fields
Lair:4:   layout_hall_layers, enter_volcano_2, lemuel_fruit_tree
Lair:5:   evilmike_catoblepas_cave, layout_hall_layers,
          nicolae_slime_entry_field_trip, minivault_11, minivault_23,
          uniq_snorg, uniq_josephine
Swamp:1:  layout_basic_swamp, serial_swamp_ruin, evilmike_swamp_ruin_house_3,
          evilmike_swamp_ruin_house_5, hangedman_swamp_ruin_wall, swamp_pool_4,
          infiniplex_staircase_pool_2
Swamp:2:  layout_basic_swamp, evilmike_swamp_ruin_house_4, swamp_pool_1_2,
          uniq_mlioglotl
Swamp:3:  layout_basic_swamp, evilmike_swamp_ruin_wall, swamp_pool_3,
          nicolae_swamp_alligator_family
Swamp:4:  swamp, layout_basic_swamp, swamp_pool_1_2, uniq_bai_suzhen
Snake:1:  layout_onion, serial_shops, shop, nrook_loot_triangle, uniq_jorgrun
Snake:2:  layout_misc_corridors, basic_altar
Snake:3:  nicolae_snake_nest, layout_onion_interference,
          nicolae_triple_integral, uniq_agnes, uniq_louise
Orc:1:    layout_caves, serial_shops, shop, uniq_erolcha
Orc:2:    pubby_orc_utopia, uniq_nessos
Elf:1:    eino_elf_arrival_altar, layout_onion_city, nicolae_elf_crossing_hall,
          nicolae_elf_big_sculpture_3, st_stairs_3
Elf:2:    elven_hall_of_blades_hangedman_original [nicolae_blade_tridents],
          layout_loops_cross, serial_library_regret_index_boxing,
          grunt_ministairs_13, drop_trap, hangedman_aerie_drop

Skill      XL: |  1  2  3  4  5  6  7  8  9 10 11 12 13 14 15 16 17 18 |
---------------+-------------------------------------------------------+-----
Conjurations   | 1 2 4 6 |  6.2
Unarmed Combat | 1 3 7 8 11 12 13 | 13.8
Earth Magic    | 3 4 5 6 7 8 |  8.8
Fighting       | 1 3 4 5 6 7 11 12 13 14 | 14.8
Dodging        | 3 5 6 7 8 10 12 13 | 13.3
Spellcasting   | 3 5 6 |  6.3
Ice Magic      | 5 7 8 11 13 14 15 16 | 16.1
Shapeshifting  | 3 4 5 7 8 |  8.1
Stealth        | 3 4 7 10 12 | 12.0
Evocations     | 1 5 6 |  6.3

Action                     |  1- 3 |  4- 6 |  7- 9 | 10-12 | 13-15 | 16-18 || total
---------------------------+-------+-------+-------+-------+-------+-------++-------
  Melee: Unarmed           |    49 |    42 |   107 |   173 |  1039 |   462 ||  1872
         Bite              |     4 |     2 |    14 |    29 |   172 |    66 ||   287
         Punch             |     1 |     1 |     7 |    14 |   114 |    60 ||   197
         Pseudopods        |       |       |     4 |    45 |   272 |    70 ||   391
   Cast: Sandblast         |    39 |    73 |    29 |     1 |     2 |       ||   144
         Stone Arrow       |     2 |     3 |   130 |   196 |   202 |   101 ||   634
         Ozocubu's Armour  |       |       |       |       |    17 |     7 ||    24
         Ozocubu's Refrige |       |       |       |       |       |   137 ||   137
         Freezing Cloud    |       |       |       |       |       |     1 ||     1
 Invoke: Oozemancy         |       |       |       |    10 |     9 |     1 ||    20
         Slimify           |       |       |       |       |       |     1 ||     1
  Evoke: Wand              |       |       |       |    10 |    11 |     2 ||    23
         Box of beasts     |       |       |       |       |     1 |     2 ||     3
         Phial of floods   |       |       |       |       |       |     3 ||     3
    Use: Scroll            |     3 |     8 |     4 |     3 |    14 |    18 ||    50
         Potion            |       |     1 |     1 |     2 |     4 |    16 ||    24
   Stab: Sleeping          |     4 |     1 |     4 |     6 |    11 |    12 ||    38
         Paralysed         |       |       |       |       |     3 |     1 ||     4
         Distracted        |       |       |       |       |     1 |     3 ||     4
         Confused          |       |       |       |       |    21 |     6 ||    27
 Armour: Skin              |    20 |    42 |    68 |   152 |   477 |   402 ||  1161
  Dodge: Dodged            |    61 |    90 |   162 |   282 |  1033 |   713 ||  2341
  Block: Other             |       |       |       |    55 |   177 |    77 ||   309
   Form: Beast             |       |       |       |     1 |       |       ||     1

Table legend: (Time is in decaauts)
 A = Elapsed time spent in this place.
 B = Non-inter-level travel time spent in this place.
 C = Inter-level travel time spent in this place.
 D = Time resting spent in this place.
 E = Time spent auto-exploring this place.
 F = Levels seen in this place.
 G = Mean time per level.
                   A        B        C        D        E       F      G
               +--------+--------+--------+--------+--------+-----+--------+
         Total |  28507 |  25361 |   3146 |    138 |  19130 |  31 |  919.6 |
       Dungeon |  10174 |   8861 |   1313 |    113 |   7059 |  12 |  847.8 |
        Temple |      1 |      1 |      0 |      0 |      0 |   1 |    1.0 |
          Lair |   5881 |   5285 |    596 |      4 |   4048 |   5 | 1176.2 |
         Swamp |   3321 |   3084 |    237 |      5 |   2156 |   4 |  830.2 |
     Snake Pit |   3184 |   3024 |    160 |      4 |   2291 |   3 | 1061.3 |
  Orcish Mines |   2445 |   1959 |    486 |      3 |   1371 |   2 | 1222.5 |
   Elven Halls |   2240 |   1888 |    352 |      3 |   1322 |   2 | 1120.0 |
         Sewer |    563 |    563 |      0 |      0 |    348 |   1 |  563.0 |
      Gauntlet |    694 |    694 |      0 |      6 |    532 |   1 |  694.0 |
               +--------+--------+--------+--------+--------+-----+--------+

Top non-repeatable levels by time:
   Orc:2: 2034 daAuts
   Elf:1: 1500 daAuts
  Lair:2: 1334 daAuts
 Snake:1: 1297 daAuts
  Lair:3: 1275 daAuts
  Lair:5: 1260 daAuts
 Snake:3: 1121 daAuts
  Lair:1: 1084 daAuts
     D:2: 1018 daAuts
     D:9: 994 daAuts
    D:12: 991 daAuts
     D:3: 987 daAuts
     D:8: 949 daAuts
  Lair:4: 926 daAuts
     D:1: 876 daAuts
